 Dungeon Crawl Stone Soup version 0.22-a0-480-g991dd4b (webtiles) character file.

223643 Rana the Executioner (level 18, -2/176 HPs)
             Began as a Minotaur Berserker on June 2, 2018.
             Was the Champion of Trog.
             Slain by a merfolk impaler
             ... wielding a +3 trident of freezing
              (14 damage)
             ... on level 3 of the Shoals on June 15, 2018.
             The game lasted 12:51:26 (52139 turns).

Rana the Executioner (Minotaur Berserker)          Turns: 52139, Time: 12:51:31

Health: -2/176     AC: 27    Str: 34    XL:     18   Next: 56%
Magic:  18/18      EV: 11    Int:  6    God:    Trog [******]
Gold:   1600       SH:  2    Dex: 10    Spells: 17/17 levels left

rFire    . . .     SeeInvis +   R - +10 war axe of the Open Hand {elec, rC+ Str+4}
rCold    + . .     Gourm    .   (no shield)
rNeg     . . .     Faith    .   f - +0 plate armour {rPois}
rPois    +         Spirit   .   V - +3 crown of Dyrovepreva {rElec Int+2 SInv}
rElec    +         Reflect  +   G - +2 cloak
rCorr    .         Harm     .   p - +0 pair of gloves
MR       ++...                  (no boots)
Stlth    ..........             P - +2 amulet of reflection
HPRegen  0.39/turn              X - ring of protection from magic
MPRegen  0.16/turn              b - ring of flight

@: drained
A: retaliatory headbutt, horns 2
}: 1/15 runes: gossamer
a: Berserk, Trog's Hand, Brothers in Arms, Renounce Religion, Evoke Flight


You were on level 3 of the Shoals.
You worshipped Trog.
Trog was exalted by your worship.
You were hungry.

You visited 5 branches of the dungeon, and saw 31 of its levels.
You also visited: Ice Cave.

You collected 3388 gold pieces.
You spent 1788 gold pieces at shops.

Inventory:

Hand Weapons
 e - a +3 battleaxe of venom
 r - a +3 antimagic battleaxe
 y - the +7 hand axe "Huudoucs" {protect, rF+ rN++ Str-4}
   (You found it on level 7 of the Dungeon)

   It protects the one who uses it against injury (+AC on strike).
   It affects your strength (-4).
   It protects you from fire.
   It greatly protects you from negative energy.
 F - a +5 vampiric battleaxe
 J - the +7 great mace "Undeadhunter" {disrupt, rN+}
   (You found it on level 12 of the Dungeon)

   It protects you from negative energy.
 R - the +10 war axe of the Open Hand (weapon) {elec, rC+ Str+4}
   (Trog gifted it to you on level 1 of the Spider Nest)

   Occasionally, upon striking a foe, it will discharge some electrical energy
   and cause terrible harm.
   It affects your strength (+4).
   It protects you from cold.
 Z - a +3 executioner's axe of draining
Missiles
 C - 38 javelins (quivered)
 L - 18 poisoned javelins
Armour
 f - a +0 plate armour of poison resistance (worn)
 o - the +2 ring mail of Vaunurr {rC++ MR+ Str-5 Dex+4}
   (You found it on level 1 of the Lair of Beasts)

   It affects your strength (-5).
   It affects your dexterity (+4).
   It greatly protects you from cold.
   It affects your resistance to hostile enchantments.
 p - a +0 pair of gloves (worn)
 D - a +1 chain mail of fire resistance
 G - a +2 cloak (worn)
 V - the +3 crown of Dyrovepreva (worn) {rElec Int+2 SInv}
   (You bought it in a shop on level 10 of the Dungeon)

   It affects your intelligence (+2).
   It insulates you from electricity.
   It lets you see invisible.
Jewellery
 b - a ring of flight (right hand)
 j - an uncursed ring of protection from cold
 m - the ring "Zikkeig" {Fire rN+}
   (You found it in an ice cave)

   [ring of fire]

   It enhances your fire magic.
   It protects you from fire.
   It makes you vulnerable to cold.
   It protects you from negative energy.
 x - an uncursed amulet of regeneration
 B - the ring "Jebra" {rElec Int+4}
   (You found it on level 1 of the Shoals)

   [ring of intelligence]

   It affects your intelligence (+4).
   It insulates you from electricity.
 K - an uncursed ring of protection from fire
 M - an uncursed ring of protection from magic
 P - a +2 amulet of reflection (around neck)
 X - a ring of protection from magic (left hand)
Wands
 i - a wand of flame (52)
 k - a wand of digging (30)
Scrolls
 h - 11 scrolls of teleportation
 l - 5 scrolls of magic mapping
 n - a scroll of holy word
 u - 8 scrolls of fog
 v - 6 scrolls of enchant armour
 z - a scroll of summoning {unknown}
 H - 8 scrolls of identify
 N - a scroll of torment {unknown}
 S - 9 scrolls of remove curse
 U - a scroll of fear
 Y - 6 scrolls of immolation
Potions
 d - 9 potions of curing
 g - a potion of heal wounds
 q - a potion of invisibility
 A - 4 potions of haste
 I - 2 potions of flight
 O - 2 potions of cancellation
 T - a potion of mutation
 W - a potion of lignification {unknown}
Miscellaneous
 a - a fan of gales
 s - a lightning rod (4/4)
 t - a lamp of fire
 E - a phantom mirror
Comestibles
 c - 40 rations


   Skills:
 * Level 19.3(18.3) Fighting
 * Level 22.0(21.0) Axes
 - Level 4.2(14.5) Maces & Flails
 - Level 11.0(10.1) Throwing
 * Level 19.6(18.6) Armour
 + Level 7.1(6.3) Dodging
 - Level 3.7(3.0) Stealth
 - Level 1.3(0.6) Evocations


You had 17 spell levels left.
You didn't know any spells.
Your spell library contained the following spells:

 Spells                   Type           Power        Failure   Level  Hunger
 Magic Dart               Conj           #...         88%         1    ##.....
 Conjure Flame            Conj/Fire      #.......     99%         3    ####...
 Slow                     Hex            #.......     95%         2    ###....
 Mephitic Cloud           Conj/Pois/Air  #.......     99%         3    ####...
 Blink                    Tloc           N/A          95%         2    ###....
 Call Imp                 Summ           #.......     95%         2    ###....


Dungeon Overview and Level Annotations

Branches:
Dungeon (15/15)            Temple (0/1) D:6            Lair (6/6) D:11
 Shoals (4/4) Lair:2       Spider (4/4) Lair:3        Slime (0/5) Lair:5
    Orc (2/2) D:9             Elf (0/3) Orc:2        Vaults (0/5) D:14
 Depths (0/5) D:15

Altars:
Ashenzari
Elyvilon
Fedhas
Kikubaaqudgha
Makhleb
Okawaru
Qazlal
Sif Muna
Vehumet
Zin
Beogh

Shops:
D:4 [   D:6 ::!   D:9 [(   D:10 [   D:12 (   D:15 }(%   Orc:1 !   Orc:2 (([
Shoals:1 :   Shoals:4 }

Annotations:
Lair:6 exclusion: 2 oklob plants
Spider:3 exclusion: 2 oklob plants


Innate Abilities, Weirdness & Mutations

You reflexively headbutt those who attack you in melee.
You have a pair of horns on your head.


Message History

There is a stone staircase leading up, spattered with blood here.
You see here 2 tomahawks.
The merfolk impaler hits you with a trident of freezing!!
* * * LOW HITPOINT WARNING * * *
The merfolk impaler freezes you.
* * * LOW HITPOINT WARNING * * *
The merfolk impaler closely misses you.
The merfolk hits you but does no damage.
The merfolk throws a tomahawk.
The tomahawk hits you!
* * * LOW HITPOINT WARNING * * *
You climb upwards.
There is a stone staircase leading down here.
You feel much better.
The merfolk impaler hits you with a trident of freezing!
* * * LOW HITPOINT WARNING * * *
The merfolk impaler freezes you.
* * * LOW HITPOINT WARNING * * *
The merfolk impaler hits you but does no damage.
The merfolk impaler hits you with a trident of freezing!
You die...

≈≈≈≈≈≈≈≈≈≈≈≈≈≈≈≈≈≈≈≈≈≈≈≈≈≈
≈≈≈≈≈≈≈.....≈≈≈≈≈≈.≈≈≈≈≈≈≈
≈≈≈..≈≈.........≈≈≈≈≈≈≈≈≈≈
≈≈≈..≈≈≈.##.....≈≈≈≈≈≈≈≈≈≈
≈≈≈≈≈≈....##.....≈≈≈≈≈≈≈≈≈
≈≈≈≈≈≈≈.........≈..≈≈≈≈≈≈≈≈
≈≈≈≈≈.(.....##..≈...≈≈≈≈≈≈≈
≈≈≈≈≈≈...)...##....≈≈≈≈≈≈≈≈
≈≈≈≈≈...#)@........≈≈≈≈≈≈≈≈
≈≈≈≈≈≈≈≈≈≈≈....m..........≈≈≈≈≈≈≈
≈≈≈≈≈≈≈≈≈≈......≈......≈..≈≈≈≈≈≈≈
≈≈≈≈≈≈≈≈≈........≈≈≈≈..≈≈≈≈≈≈≈≈≈
≈≈≈≈≈≈≈≈≈..##≈≈..≈≈≈≈...≈≈≈≈≈≈≈
≈≈≈≈≈.≈≈≈...#..##≈≈≈≈(≈≈≈≈≈≈≈≈
≈≈≈≈...≈.≈..≈.....≈≈≈.≈≈≈≈≈≈≈
≈≈≈.....≈......≈≈≈≈≈...<$≈≈≈
≈≈≈....<..###.≈≈≈≈≈..≈≈≈≈≈≈≈


You could see a merfolk impaler (berserk).

Vanquished Creatures
  Nikola (Shoals:2)
  Kirke (Lair:6)
  A sphinx (D:12)
  The ghost of Maxmaps the Impaler, an adept FoGl of Okawaru (Shoals:1)
  Ilsuiw (Shoals:4)
  Donald (Orc:2)
  2 fire giants (D:15)
  The ghost of shitimlost the Tortoise, a journeyman HOMo of Beogh (Orc:2)
  4 ghost moths
  4 emperor scorpions
  An orc warlord (Orc:2)
  6 entropy weavers
  The ghost of HomoSapiens the Cleaver, a journeyman HuBe of Trog (Orc:2)
  An ettin (D:12)
  2 spark wasps (Spider:4)
  The ghost of Potronius the Carver, a journeyman DsGl of Makhleb (Lair:4)
  8 merfolk impalers
  7 merfolk javelineers
  5 hydras
  Josephine (D:9)
  An ice dragon (shapeshifter) (D:12)
  A rakshasa (D:14)
  Harold (Lair:4)
  2 ice dragons (IceCv)
  Erica (Orc:2)
  4 vault guards (D:14)
  3 merfolk avatars
  A catoblepas (Lair:6)
  6 merfolk aquamancers
  2 centaur warriors (D:13)
  5 death yaks (Lair:6)
  A queen ant (Spider:4)
  A satyr (Shoals:4)
  A death knight (D:15)
  11 two-headed ogres
  An ogre mage (D:15)
  A deep troll earth mage (D:12)
  5 orc high priests
  A tengu warrior (D:13)
  Nergalle (D:10)
  The ghost of popps the Carver, a novice MiBe of Trog (D:8)
  A death drake (shapeshifter) (D:14)
  2 flayed ghosts (D:12)
  13 sea snakes
  2 wizards
  5 unseen horrors
  Pikel (D:7)
  6 orc knights
  A phantasmal warrior (D:12)
  A harpy (shapeshifter) (D:12)
  A lindwurm (Lair:4)
  A deep elf mage (D:12)
  12 orb spiders
  5 harpies
  2 cyclopes
  2 orc sorcerers
  8 ugly things
  11 manticores
  18 fauns
  36 wolf spiders
  6 merfolk sirens
  3 centaur zombies
  2 moths of wrath
  3 black mambas
  3 water nymphs (Shoals:2)
  18 elephants
  An ice statue (IceCv)
  10 spiny frogs
  Joseph (D:7)
  2 gargoyles
  2 yaktaurs (D:14)
  17 komodo dragons
  An efreet (D:15)
  4 kobold demonologists
  6 rime drakes
  10 demonic crawlers
  A freezing wraith (D:14)
  3 tengu conjurers
  The ghost of tycamorgan the Gusty, a novice TeAE of Nemelex Xobeh (D:5)
  15 trolls
  30 jumping spiders
  20 merfolk
  7 polar bears
  3 meliai (D:14)
  8 hornets
  5 wind drakes
  8 blink frogs
  8 snapping turtles
  A meliai zombie (D:12)
  12 hippogriffs
  A centaur simulacrum (D:15)
  Sigmund (D:3)
  5 wyverns (Lair:6)
  A shadow (D:15)
  100 redbacks
  42 tarantellas
  6 wraiths
  11 water elementals
  Grum (D:10)
  4 basilisks
  5 hogs (Lair:6)
  6 hungry ghosts
  33 yaks
  A warg (Orc:1)
  9 soldier ants (Spider:4)
  The ghost of tycamorgan the Gusty, an amateur TeAE of Sif Muna (D:6)
  11 water moccasins
  8 porcupines
  2 sky beasts
  A black bear (D:13)
  A hornet zombie (D:10)
  2 slaves (D:7)
  15 ice beasts
  10 ogres
  57 orc warriors
  A necrophage (D:11)
  A phantom (D:6)
  14 centaurs
  13 wolves
  13 crocodiles
  5 big kobolds
  A gnoll sergeant (D:9)
  13 bullfrogs
  4 scorpions
  5 killer bees
  16 wights
  A howler monkey (D:6)
  2 electric eels
  8 crimson imps
  A quasit (D:10)
  A wyvern simulacrum (D:14)
  2 bullfrog zombies (D:9)
  9 hounds
  4 centaur skeletons
  4 jellies
  Crazy Yiuf (D:3)
  32 orc priests
  26 orc wizards
  3 bullfrog skeletons
  4 iguanas
  30 worker ants
  3 gnolls (D:9)
  A howler monkey skeleton (D:6)
  13 adders
  4 shadow imps
  6 oozes (D:9)
  An adder skeleton (D:5)
  7 worms
  A dart slug (D:1)
  7 leopard geckos
  106 orcs
  2 ball pythons
  6 bats
  14 giant cockroaches
  19 goblins
  11 hobgoblins
  21 kobolds
  5 quokkas
  3 frilled lizards
  12 rats
  6 fungi
  12 plants
1248 creatures vanquished.

Vanquished Creatures (others)
  A merfolk siren (Shoals:2)
  A jumping spider (Spider:1)
  An orc warrior (D:14)
  A bullfrog (D:7)
  22 fungi
  32 plants
  4 tentacles (Shoals:1)
62 creatures vanquished.

Grand Total: 1310 creatures vanquished

Notes
Turn   | Place    | Note
-------+----------+-------------------------------------------
     0 | D:1      | Rana the Minotaur Berserker began the quest for the Orb.
     0 | D:1      | Reached XP level 1. HP: 19/19 MP: 0/0
     3 | D:1      | Noticed a four-headed hydra
   190 | D:1      | Reached XP level 2. HP: 27/27 MP: 1/1
   332 | D:1      | Reached skill level 4 in Axes
   660 | D:1      | Noticed a four-headed hydra
  1141 | D:2      | Reached XP level 3. HP: 16/33 MP: 2/2
  1583 | D:2      | Reached ** piety under Trog
  1934 | D:2      | Reached skill level 5 in Axes
  1934 | D:2      | Reached XP level 4. HP: 35/41 MP: 3/3
  2028 | D:2      | Found an iron altar of Okawaru.
  2086 | D:2      | Found a blossoming altar of Fedhas.
  2401 | D:2      | Found a shattered altar of Ashenzari.
  2459 | D:2      | Reached skill level 1 in Stealth
  2646 | D:3      | Reached XP level 5. HP: 38/47 MP: 4/4
  3106 | D:3      | Reached skill level 5 in Fighting
  3289 | D:3      | Found a runed door.
  3293 | D:3      | Noticed Crazy Yiuf
  3306 | D:3      | Killed Crazy Yiuf
  3387 | D:3      | Noticed Sigmund
  3408 | D:3      | Killed Sigmund
  3408 | D:3      | Reached skill level 6 in Axes
  3408 | D:3      | Reached XP level 6. HP: 54/56 MP: 5/5
  3623 | D:4      | Reached *** piety under Trog
  4078 | D:4      | Found Diuci's Armour Shop.
  4153 | D:4      | Reached XP level 7. HP: 54/61 MP: 6/6
  4761 | D:5      | Entered Level 5 of the Dungeon
  4761 | D:5      | Noticed tycamorgan's ghost (novice TeAE)
  4837 | D:5      | Reached skill level 1 in Throwing
  5050 | D:5      | Reached skill level 7 in Axes
  5145 | D:5      | You fall through a shaft for 2 floors!
  5151 | D:7      | Got a crude plate armour
  5162 | D:7      | Identified the cursed +0 plate armour "Wic Dut" {Slay+2} (You found it on level 7 of the Dungeon)
  5185 | D:6      | Found Leaqips's Book Shop.
  5191 | D:6      | Found Vaerphino's Book Boutique.
  5195 | D:5      | Reached skill level 5 in Armour
  5259 | D:6      | Found a staircase to the Ecumenical Temple.
  5422 | D:6      | Noticed tycamorgan's ghost (amateur TeAE)
  5596 | D:6      | Reached XP level 8. HP: 57/71 MP: 7/7
  5814 | D:5      | Killed tycamorgan's ghost
  5903 | D:6      | Reached skill level 8 in Axes
  6089 | D:6      | Found Nofeb's Book Shop.
  6105 | D:6      | Found a stormy altar of Qazlal.
  6169 | D:6      | Found Beang's Distillery.
  6176 | D:6      | Reached **** piety under Trog
  6347 | D:7      | Noticed Pikel
  6375 | D:6      | Killed tycamorgan's ghost
  6375 | D:6      | Reached skill level 9 in Axes
  6427 | D:7      | Killed Pikel
  6427 | D:7      | Reached XP level 9. HP: 80/80 MP: 8/8
  6559 | D:7      | Got an ancient hand axe
  6560 | D:7      | Identified the +7 hand axe "Huudoucs" {protect, rF+ rN++ Str-4} (You found it on level 7 of the Dungeon)
  6565 | D:7      | Noticed Joseph
  6573 | D:7      | Killed Joseph
  6659 | D:7      | Reached skill level 10 in Axes
  6730 | D:7      | Found a glowing silver altar of Zin.
  7087 | D:8      | Noticed popps's ghost (novice MiBe)
  7162 | D:8      | Found a radiant altar of Vehumet.
  7441 | D:8      | Killed popps's ghost
  7441 | D:8      | Reached skill level 11 in Axes
  7441 | D:8      | Reached XP level 10. HP: 90/90 MP: 9/9
  7767 | D:8      | Found an ancient bone altar of Kikubaaqudgha.
  7768 | D:8      | Found a deep blue altar of Sif Muna.
  8395 | D:9      | Found Gehoschuxio's Armour Shop.
  8395 | D:9      | Found a staircase to the Orcish Mines.
  8395 | D:9      | Found Yhe Qitt's Weapon Shop.
  8434 | D:9      | Upgraded the game from 0.22-a0-443-g17c3723 to 0.22-a0-445-g8c8ef71
  8631 | Orc:1    | Entered Level 1 of the Orcish Mines
  8631 | Orc:1    | Noticed Josephine
  8660 | D:9      | Killed Josephine
  8660 | D:9      | Reached ***** piety under Trog
  8660 | D:9      | Reached skill level 10 in Fighting
  8660 | D:9      | Reached skill level 12 in Axes
  8660 | D:9      | Reached skill level 10 in Armour
  9076 | D:9      | Reached skill level 5 in Throwing
  9076 | D:9      | Reached XP level 11. HP: 99/99 MP: 10/10
  9384 | Orc:2    | Entered Level 2 of the Orcish Mines
  9428 | Orc:2    | Noticed an orc sorcerer
  9582 | Orc:2    | Noticed HomoSapiens's ghost (journeyman HuBe)
  9587 | Orc:1    | Reached skill level 13 in Axes
  9719 | Orc:1    | Killed an orc sorcerer
 10163 | Orc:2    | Noticed an orc knight
 10387 | Orc:1    | Killed an orc knight
 10764 | Orc:2    | Noticed shitimlost's ghost (journeyman HOMo)
 11725 | Orc:2    | Killed shitimlost's ghost
 11902 | Orc:2    | Noticed Donald
 12121 | Orc:2    | Killed HomoSapiens's ghost
 12493 | Orc:2    | Received a gift from Trog
 12493 | Orc:2    | Reached skill level 14 in Axes
 12704 | Orc:2    | Killed Donald
 12870 | Orc:2    | Noticed an orc high priest
 12892 | Orc:2    | Killed an orc high priest
 12892 | Orc:2    | Reached XP level 12. HP: 110/110 MP: 11/11
 13069 | Orc:2    | Noticed an orc high priest
 13165 | Orc:2    | Killed an orc high priest
 14170 | Orc:2    | Noticed an orc high priest
 14208 | Orc:2    | Killed an orc high priest
 14336 | Orc:2    | Noticed an orc high priest
 14336 | Orc:2    | Noticed an orc high priest
 14425 | Orc:2    | Upgraded the game from 0.22-a0-445-g8c8ef71 to 0.22-a0-448-g1fb7470
 14463 | Orc:2    | Killed an orc high priest
 14521 | Orc:1    | Killed an orc high priest
 14655 | Orc:2    | Found Pepeheup's Antique Weapon Boutique.
 14655 | Orc:2    | Found Oshruok's Armour Boutique.
 14656 | Orc:2    | Found Miudwoli's Antique Weapon Shop.
 14656 | Orc:2    | Found Bifall's Antique Weapon Boutique.
 14667 | Orc:2    | Bought a +1 scale mail of poison resistance for 143 gold pieces
 14669 | Orc:2    | Bought a runed battleaxe for 342 gold pieces
 14670 | Orc:2    | Bought a slimy dagger for 252 gold pieces
 14846 | D:9      | Received a gift from Trog
 14895 | D:10     | Entered Level 10 of the Dungeon
 14902 | D:10     | Noticed a two-headed ogre
 14916 | D:10     | Killed a two-headed ogre
 15017 | D:10     | Found Hiuh's Armour Boutique.
 15159 | D:10     | Noticed a two-headed ogre
 15164 | D:10     | Killed a two-headed ogre
 15212 | D:10     | Noticed Nergalle
 15217 | D:10     | Killed Nergalle
 15320 | D:10     | Noticed a two-headed ogre
 15326 | D:10     | Killed a two-headed ogre
 15399 | D:10     | Reached skill level 15 in Axes
 15458 | D:10     | Noticed a two-headed ogre
 15467 | D:10     | Killed a two-headed ogre
 15699 | D:10     | Noticed Grum
 15717 | D:10     | Reached XP level 13. HP: 119/119 MP: 12/12
 15751 | D:10     | Killed Grum
 16636 | D:11     | Received a gift from Trog
 16816 | D:11     | Found a staircase to the Lair.
 16948 | Lair:1   | Entered Level 1 of the Lair of Beasts
 16950 | Lair:1   | Upgraded the game from 0.22-a0-448-g1fb7470 to 0.22-a0-455-ga0624bf
 16974 | Lair:1   | Got a twisted ring mail
 17057 | Lair:1   | Found a frozen archway.
 17112 | IceCv    | Entered an ice cave
 17951 | IceCv    | Got a coiled steel ring
 17970 | IceCv    | Identified the ring "Zikkeig" {Fire rN+} (You found it in an ice cave)
 18406 | Lair:1   | Identified the +2 ring mail of Vaunurr {rC++ MR+ Str-5 Dex+4} (You found it on level 1 of the Lair of Beasts)
 18541 | Lair:2   | Found a staircase to the Shoals.
 18920 | Lair:2   | Received a gift from Trog
 18999 | Lair:3   | Found a hole to the Spider Nest.
 19733 | Lair:4   | Noticed Potronius's ghost (journeyman DsGl)
 19773 | Lair:4   | Killed Potronius's ghost
 19922 | Lair:4   | Reached skill level 16 in Axes
 19976 | Lair:4   | Noticed Harold
 19994 | Lair:4   | Killed Harold
 20635 | Lair:1   | Reached XP level 14. HP: 130/130 MP: 4/13
 20945 | D:12     | Found Utigh's Antique Weapon Boutique.
 21063 | D:12     | Received a gift from Trog
 21068 | D:12     | Found a roughly hewn altar of Beogh.
 21310 | D:12     | Reached skill level 15 in Armour
 22075 | D:12     | Noticed a sphinx
 23745 | D:14     | Upgraded the game from 0.22-a0-455-ga0624bf to 0.22-a0-456-g11ed031
 23763 | D:14     | Reached ****** piety under Trog
 24349 | D:14     | Found a white marble altar of Elyvilon.
 24436 | D:14     | Reached skill level 15 in Fighting
 24584 | D:14     | Received a gift from Trog
 26128 | Lair:5   | Reached skill level 10 in Throwing
 26178 | Lair:5   | Received a gift from Trog
 26232 | Lair:5   | Found a blossoming altar of Fedhas.
 26250 | Lair:5   | Found a staircase to the Slime Pits.
 26351 | Lair:5   | Reached skill level 17 in Axes
 27050 | Lair:5   | Reached skill level 1 in Maces & Flails
 27061 | Lair:5   | Reached XP level 15. HP: 139/139 MP: 14/14
 27521 | Lair:6   | Entered Level 6 of the Lair of Beasts
 27592 | Lair:6   | Identified a scroll of acquirement
 28898 | Lair:6   | Received a gift from Trog
 29496 | Lair:6   | Received a gift from Trog
 29923 | Lair:6   | Reached skill level 18 in Axes
 29931 | Lair:6   | Noticed Kirke
 29945 | Lair:6   | Killed Kirke
 30842 | D:10     | Bought a +0 plate armour of poison resistance for 324 gold pieces
 30842 | D:10     | Bought the +3 crown of Dyrovepreva {rElec Int+2 SInv} for 496 gold pieces
 30842 | D:10     | Found the +3 crown of Dyrovepreva {rElec Int+2 SInv}
 31328 | Orc:2    | Found a staircase to the Elven Halls.
 31558 | Orc:2    | Bought a glowing broad axe for 231 gold pieces
 31619 | Orc:1    | Noticed an orc warlord
 31620 | Orc:1    | Noticed Erica
 31624 | Orc:2    | Received a gift from Trog
 31733 | Orc:2    | Killed an orc warlord
 31733 | Orc:2    | Reached skill level 1 in Evocations
 31806 | Orc:2    | Killed Erica
 31882 | Orc:1    | Found Enuvuam's Distillery.
 32448 | D:12     | Killed a sphinx
 32648 | D:12     | Found the +7 great mace "Undeadhunter" {disrupt, rN+}
 32716 | D:12     | Got a distressingly furry robe
 32717 | D:12     | Identified the cursed +0 robe "Zolaj" {Slay+5} (You took it off a kobold demonologist on level 12 of the Dungeon)
 32747 | D:12     | Got a shimmering arbalest
 32750 | D:12     | Identified the +9 arbalest of the Manifold Lies {velocity, Str+4} (You found it on level 12 of the Dungeon)
 33048 | D:14     | Found a gate to the Vaults.
 33141 | D:15     | Entered Level 15 of the Dungeon
 33168 | D:15     | Found a burning altar of Makhleb.
 33170 | D:15     | Found Uczunuos's Gadget Shop.
 33309 | D:15     | Found Ehez Hee's Antique Weapon Boutique.
 33519 | D:15     | Found Ohagrat's Food Emporium.
 33566 | D:15     | Reached XP level 16. HP: 149/150 MP: 15/15
 33599 | D:15     | Found a staircase to the Depths.
 33603 | D:15     | Reached skill level 19 in Axes
 34748 | D:15     | Upgraded the game from 0.22-a0-456-g11ed031 to 0.22-a0-458-gb446440
 34748 | D:15     | Upgraded the game from 0.22-a0-458-gb446440 to 0.22-a0-469-gf26638a
 35034 | Spider:1 | Entered Level 1 of the Spider Nest
 35371 | Spider:1 | Received a gift from Trog
 35727 | Spider:1 | Received a gift from Trog
 36195 | Spider:1 | Reached skill level 20 in Axes
 37070 | Spider:1 | Received a gift from Trog
 37359 | Spider:1 | Got a translucent war axe {god gift}
 37360 | Spider:1 | Identified the +10 war axe of the Open Hand {elec, rC+ Str+4} (Trog gifted it to you on level 1 of the Spider Nest)
 38443 | Spider:1 | Reached skill level 5 in Dodging
 39744 | Spider:3 | Reached XP level 17. HP: 93/161 MP: 16/16
 39754 | Spider:3 | Received a gift from Trog
 40674 | Spider:3 | Received a gift from Trog
 40998 | Spider:4 | Entered Level 4 of the Spider Nest
 42136 | Spider:4 | Reached skill level 21 in Axes
 43050 | Spider:4 | Got a gossamer rune of Zot
 43408 | Spider:4 | Received a gift from Trog
 43412 | Spider:4 | Got a translucent battleaxe {god gift}
 43413 | Spider:4 | Identified the +4 battleaxe of Esaosuim {speed, rPois} (Trog gifted it to you on level 4 of the Spider Nest)
 44120 | Lair:2   | Upgraded the game from 0.22-a0-469-gf26638a to 0.22-a0-480-g991dd4b
 44135 | Shoals:1 | Entered Level 1 of the Shoals
 44135 | Shoals:1 | Noticed Maxmaps's ghost (adept FoGl)
 44319 | Shoals:1 | Killed Maxmaps's ghost
 45203 | Shoals:1 | Found Fem Jat's Book Boutique.
 45348 | Shoals:1 | Got a heavily runed wooden ring
 45349 | Shoals:1 | Identified the ring "Jebra" {rElec Int+4} (You found it on level 1 of the Shoals)
 46032 | Shoals:1 | Noticed a kraken
 46098 | Shoals:2 | Received a gift from Trog
 46603 | Shoals:2 | Noticed Nikola
 46618 | Shoals:2 | Killed Nikola
 46711 | Shoals:1 | Reached XP level 18. HP: 149/173 MP: 18/18
 46785 | Shoals:1 | Received a gift from Trog
 49387 | Shoals:4 | Entered Level 4 of the Shoals
 49397 | Shoals:4 | Noticed Ilsuiw
 49551 | Shoals:4 | Killed Ilsuiw
 49830 | Shoals:4 | HP: 4/176 [something/ball of steam (34)]
 50266 | Shoals:4 | Received a gift from Trog
 50387 | Shoals:4 | Found Veipuas's Gadget Shop.
 50964 | Shoals:4 | Received a gift from Trog
 50975 | Shoals:4 | Got a polished battleaxe {god gift}
 50976 | Shoals:4 | Identified the +0 battleaxe "Ynuah" {elec, Int+4} (Trog gifted it to you on level 4 of the Shoals)
 51607 | Shoals:3 | Reached skill level 22 in Axes
 52137 | Shoals:4 | HP: 1/176 [merfolk/tomahawk (8)]
 52139 | Shoals:3 | Slain by a merfolk impaler

Vault maps used:
D:1:      sevenhm_arrival_forest_fort_small_2
D:2:      minmay_roachtagon, nicolae_overflow_hidden_temple, grunt_decor_cap,
          minmay_rat_gold_closets
D:3:      first_ration, dk_noncrumbling_3, st_stairs_5, uniq_sigmund,
          uniq_crazy_yiuf_cottage
D:4:      cheibrodos_greedy_goblins, serial_shops,
          nicolae_shop_temple_entry_statues_fountains
D:6:      grunt_qazlal_clouds, temple_pool_b, serial_shops,
          kennysheep_little_box, shop_statue, nicolae_shop_statue_plus, shop
D:7:      basic_altar, uniq_pikel, uniq_joseph
D:8:      grunt_temple_overflow_magic_moments
D:9:      orc_david_3, hangedman_little_slice_of_home,
          minmay_misc_feat_nine_boxes, grunt_ministairs_14
D:10:     serial_shops, shop, uniq_grum, uniq_nergalle
D:11:     david_lair_shrubbed
D:12:     minmay_tile_spiral, serial_shops, kennysheep_mini_moat, special_room
D:13:     bh_chokoban
D:14:     grunt_vaults_entry_fortified, elyvilon_altar_3
D:15:     grunt_enter_depths_giant_problem, serial_shops,
          nicolae_shop_overgrown_old_shop, nicolae_shop_statue_plus, shop,
          basic_altar, minmay_three_doors
Lair:1:   portal_ice_cave_rime, serial_bayou_lagoon_b, grunt_megastairs_2
Lair:2:   minmay_shoals_entry_centaurs, infiniplex_staircase_pool
Lair:3:   spider_nest_entry_web_field, grunt_megastairs_5
Lair:4:   cheibrodos_lair_reptile_den, grunt_megastairs_1, uniq_harold
Lair:5:   slime_dummy, basic_altar
Lair:6:   gammafunk_lair_ancient_temple, st_stairs_6, minmay_lair_oklob_chamber,
          uniq_kirke
Shoals:1: serial_shops, nicolae_shop_window_shopping,
          nicolae_shoals_water_elemental_grotto
Shoals:2: nicolae_shoals_water_shrine, uniq_nikola
Shoals:4: shoals_end_simple, shoals_ilsuiw_ice, serial_shops, shop
Spider:3: spider_temple_joshua
Spider:4: spider_rune_water, minmay_another_anthill
Orc:1:    serial_shops, shop, uniq_erica, uniq_josephine
Orc:2:    st_orc_pillars, uniq_donald
IceCv:    ice_cave_small_dragons

Skill      XL: |  1  2  3  4  5  6  7  8  9 10 11 12 13 14 15 16 17 18 |
---------------+-------------------------------------------------------+-----
Fighting       | 4 5 6 7 8 10 11 12 13 15 16 17 18 19 | 19.3
Axes           | 4 5 6 7 9 11 12 14 15 16 17 18 20 21 22 | 22.0
Stealth        | 1 2 3 |  3.7
Dodging        | 3 4 5 7 |  7.1
Armour         | 3 4 5 7 9 10 12 13 14 16 17 19 | 19.6
Throwing       | 2 3 4 5 7 9 10 11 | 11.0
Maces & Flails | 1 4 |  4.2
Evocations     | 1 |  1.3

Action                   |  1- 3 |  4- 6 |  7- 9 | 10-12 | 13-15 | 16-18 || total
-------------------------+-------+-------+-------+-------+-------+-------++-------
Melee: Hand axe          |    74 |   167 |   196 |   676 |   867 |       ||  1980
       Headbutt          |    12 |    30 |    34 |   137 |   381 |   255 ||   849
       Battleaxe         |       |       |       |       |   292 |   122 ||   414
       Mace              |       |       |       |       |    79 |       ||    79
       Executioner's axe |       |       |       |       |    90 |   207 ||   297
       Broad axe         |       |       |       |       |     2 |       ||     2
       War axe           |       |       |       |       |       |   850 ||   850
       Great mace        |       |       |       |       |       |     2 ||     2
Throw: Tomahawk          |       |    12 |    29 |    82 |   119 |    64 ||   306
       Javelin           |       |       |       |       |       |    28 ||    28
Invok: Berserk           |     1 |     2 |     8 |    25 |    25 |    11 ||    72
       Trog's Hand       |     1 |       |       |       |       |       ||     1
       Brothers in Arms  |       |       |       |     1 |       |       ||     1
 Abil: Evoke Flight      |       |       |       |       |     1 |     1 ||     2
Evoke: Wand              |       |       |       |       |     2 |     1 ||     3
       Lightning rod     |       |       |       |       |     5 |       ||     5
       Box of beasts     |       |       |       |       |       |     1 ||     1
  Use: Potion            |     1 |     2 |       |     3 |     3 |    10 ||    19
       Scroll            |       |       |     5 |     5 |    28 |    12 ||    50
 Stab: Sleeping          |     2 |     1 |       |       |       |       ||     3
       Distracted        |       |       |       |       |     2 |     2 ||     4
       Held in net/web   |       |       |       |       |       |     2 ||     2
  Eat: Chunk             |     1 |     4 |     1 |    40 |    47 |    34 ||   127
       Ration            |     1 |     2 |     7 |     3 |    10 |    10 ||    33
Armor: Animal skin       |     4 |       |       |       |       |       ||     4
       Scale mail        |       |     5 |       |       |       |       ||     5
       Chain mail        |       |    16 |    17 |       |       |       ||    33
       Plate armour      |       |       |    65 |   318 |   723 |   805 ||  1911
       Ice dragon scales |       |       |       |       |     6 |       ||     6
Dodge: Dodged            |    28 |    77 |    42 |   204 |   448 |   543 ||  1342
Block: Other             |       |       |       |       |    61 |    69 ||   130
       Reflection        |       |       |       |       |     3 |     6 ||     9

Table legend:
 A = Spawn XP
 B = Non-spawn XP
 C = Spawn XP percentage of total XP
 D = Spawn monster count
 E = Non-spawn monster count
 F = Spawn count percentage of total count
 G = Total turns spent on level
                    A         B        C        D         E        F      G
               +---------+---------+-------+---------+---------+-------+---------
         Total |       0 |  339109 |   0.0 |       0 |    1229 |   0.0 | 52139
               +---------+---------+-------+---------+---------+-------+---------
           D:1 |       0 |      31 |   0.0 |       0 |      15 |   0.0 |  1026
           D:2 |       0 |     150 |   0.0 |       0 |      44 |   0.0 |  1525
           D:3 |       0 |     399 |   0.0 |       0 |      28 |   0.0 |  1386
           D:4 |       0 |     255 |   0.0 |       0 |      24 |   0.0 |   857
           D:5 |       0 |     696 |   0.0 |       0 |      13 |   0.0 |   513
           D:6 |       0 |    1046 |   0.0 |       0 |      17 |   0.0 |  1054
           D:7 |       0 |    1723 |   0.0 |       0 |       7 |   0.0 |   786
           D:8 |       0 |    1666 |   0.0 |       0 |      15 |   0.0 |   687
           D:9 |       0 |    5092 |   0.0 |       0 |      69 |   0.0 |  1420
          D:10 |       0 |    7812 |   0.0 |       0 |      34 |   0.0 |  1492
          D:11 |       0 |    5459 |   0.0 |       0 |      44 |   0.0 |   884
          D:12 |       0 |   14987 |   0.0 |       0 |      55 |   0.0 |  2451
          D:13 |       0 |   10926 |   0.0 |       0 |      32 |   0.0 |  2295
          D:14 |       0 |   13718 |   0.0 |       0 |      36 |   0.0 |  1569
          D:15 |       0 |   17171 |   0.0 |       0 |      40 |   0.0 |  1650
        Lair:1 |       0 |    3543 |   0.0 |       0 |      15 |   0.0 |   824
        Lair:2 |       0 |    1414 |   0.0 |       0 |      10 |   0.0 |  1011
        Lair:3 |       0 |    2085 |   0.0 |       0 |      13 |   0.0 |   983
        Lair:4 |       0 |   10693 |   0.0 |       0 |      33 |   0.0 |  1043
        Lair:5 |       0 |    9720 |   0.0 |       0 |      34 |   0.0 |  1762
        Lair:6 |       0 |   28621 |   0.0 |       0 |      73 |   0.0 |  2718
      Shoals:1 |       0 |   18024 |   0.0 |       0 |      34 |   0.0 |  2527
      Shoals:2 |       0 |   23147 |   0.0 |       0 |      40 |   0.0 |  1346
      Shoals:3 |       0 |    7265 |   0.0 |       0 |      14 |   0.0 |  2581
      Shoals:4 |       0 |   23690 |   0.0 |       0 |      36 |   0.0 |  1086
      Spider:1 |       0 |   26780 |   0.0 |       0 |      76 |   0.0 |  2501
      Spider:2 |       0 |    6924 |   0.0 |       0 |      25 |   0.0 |  1140
      Spider:3 |       0 |   23478 |   0.0 |       0 |      65 |   0.0 |  2380
      Spider:4 |       0 |   42371 |   0.0 |       0 |     117 |   0.0 |  2862
         Orc:1 |       0 |    8079 |   0.0 |       0 |      67 |   0.0 |  4452
         Orc:2 |       0 |   17231 |   0.0 |       0 |      85 |   0.0 |  2401
         IceCv |       0 |    4913 |   0.0 |       0 |      19 |   0.0 |   927
               +---------+---------+-------+---------+---------+-------+---------
